Map: Odyssey LE

Players

Veryn

  • Race: Protoss Protoss
  • League: Master
  • Spawn Location: 5:00

A.I. 1 (Very Easy) - Winner!

  • Race: Zerg Zerg
  • Spawn Location: 11:00

VOD

Have the link to the VOD?

Description

Time

  • Played on: Dec. 20, 2017, 3:10 a.m.
  • Length: 7:38
Show
View Real Time Build Order
Export as new Build Order

Veryn Protoss 

Build Orders: 1 Gate Expand, Oracle Opening, Phoenix Opening 

Get SALT Encoding   

  12  0:00  Probe  
  13  0:13  Probe  
  14  0:19  Pylon  
  14  0:25  Probe  
  15  0:39  Gateway  
  15  0:40  Probe (Chrono Boost)  
  16  0:45  Assimilator  
  17  0:52  Probe x2 (Chrono Boost)  
  18  1:05  Probe  
  19  1:17  Probe  
  20  1:26  Nexus  
  20  1:36  Cybernetics Core  
  20  1:39  Probe  
  21  1:44  Assimilator  
  21  1:52  Probe  
  22  1:54  Pylon  
  22  2:04  Probe  
  23  2:13  Adept (Chrono Boost)  
  25  2:16  Probe  
  25  2:18  Stargate  
  25  2:27  Warp Gate  
  25  2:28  Probe  
  26  2:32  Adept (Chrono Boost)  
  28  2:38  Probe  
  28  2:40  Probe  
  30  2:47  Adept  
  30  2:50  Probe  
  33  2:52  Probe  
  34  3:01  Oracle (Chrono Boost)  
  34  3:02  Probe  
  34  3:04  Probe  
  39  3:14  Probe  
  39  3:15  Pylon  
  39  3:18  Probe  
  41  3:26  Probe  
  42  3:30  Probe  
  42  3:32  Phoenix (Chrono Boost)  
  45  3:39  Probe  
  46  3:41  Gateway  
  46  3:42  Gateway  
  46  3:49  Twilight Council  
  46  3:52  Probe (Chrono Boost)  
  46  3:53  Probe (Chrono Boost)  
  48  3:59  Pylon  
  48  4:00  Assimilator  
  50  4:03  Assimilator  
  50  4:06  Probe x2 (Chrono Boost)  
  50  4:12  Probe  
  51  4:19  Probe  
  52  4:25  Probe  
  52  4:28  Nexus  
  52  4:29  Pylon  
  52  4:31  Probe  
  54  4:35  Adept  
  54  4:36  Adept x2  
  60  4:41  Probe  
  60  4:43  Probe  
  62  4:46  Resonating Glaives (Chrono Boost)  
  62  4:47  Pylon  
  62  4:57  Adept  
  62  4:58  Adept  
  62  4:59  Adept  
  68  5:00  Probe  
  70  5:12  Pylon, Probe  
  70  5:18  Adept x2  
  70  5:21  Adept  
  76  5:29  Probe x2  
  78  5:41  Probe x2  
  78  5:42  Probe  
  81  5:43  Sentry  
  81  5:44  Sentry x2  
  81  5:48  Gateway  
  81  5:49  Gateway  
  87  5:51  Gateway  
  87  5:53  Probe x2  
  87  5:54  Probe  
  90  5:57  Pylon  
  90  6:01  Gateway x2  
  90  6:05  Probe  
  91  6:13  Sentry x3  
  91  6:14  Probe x2  
  91  6:17  Probe  
  100  6:19  Shield Battery  
  100  6:21  Shield Battery  
  100  6:26  Probe  
  100  6:27  Forge  
  100  6:29  Probe  
  103  6:34  Pylon  
  103  6:38  Probe  
  104  6:40  Robotics Facility  
  104  6:42  Assimilator  
  104  6:45  Assimilator  
  104  6:47  Probe, Sentry x2  
  104  6:52  Pylon  
  108  6:54  Pylon  
  108  6:55  Probe x2, Pylon  
  108  6:56  Pylon  
  108  6:59  Probe  
  111  7:06  Stalker x3  
  117  7:11  Stalker x2  
  117  7:12  Stalker  
  123  7:16  Stalker  
  123  7:18  Stalker  
  129  7:30  Stalker  
  129  7:34  Stalker x3  
Show
View Real Time Build Order
Export as new Build Order

A.I. 1 (Very Easy) Zerg - Winner!

Build Orders: Hatch First 

Get SALT Encoding   

  12  0:01  Drone  
  13  0:12  Overlord  
  13  0:16  Drone  
  14  0:44  Hatchery  
  14  0:45  Drone  
  14  1:04  Spawning Pool  
  14  1:06  Drone  
  14  1:11  Extractor  
  13  1:13  Drone  
  14  1:22  Overlord  
  14  1:52  Zergling x2, Queen  
  18  1:54  Zergling x2  
  18  1:59  Roach Warren  
  17  2:04  Drone  
  18  2:09  Extractor  
  18  2:13  Drone  
  18  2:18  Zergling x2  
  19  2:25  Drone  
  20  2:32  Drone  
  21  2:39  Drone  
  22  2:46  Drone  
  23  2:53  Drone  
  24  3:00  Drone  
  24  3:07  Roach  
  24  3:08  Drone  
  27  3:15  Drone  
  28  3:21  Overlord  
  28  3:26  Drone  
  29  3:33  Drone  
  28  3:40  Lair  
  28  3:41  Drone  
  29  3:55  Drone  
  30  3:56  Roach  
  30  4:02  Drone  
  33  4:09  Drone  
  31  4:17  Drone  
  32  4:24  Drone  
  33  4:31  Drone  
  33  4:37  Overseer  
  34  4:39  Drone  
  34  4:41  Overseer  
  34  4:45  Ravager, Roach, Overlord  
  38  4:46  Drone  
  39  4:53  Drone  
  40  5:00  Drone  
  41  5:08  Drone  
  42  5:15  Drone  
  43  5:22  Drone  
  44  5:29  Drone  
  44  5:30  Overlord  
  45  5:36  Drone  
  46  5:43  Drone, Extractor  
  46  5:47  Extractor  
  45  5:50  Drone  
  46  5:58  Drone  
  46  6:01  Zergling x2  
  46  6:03  Queen  
  48  6:05  Drone  
  44  6:12  Drone  
  36  6:19  Drone  
  32  6:26  Drone  
  32  6:30  Roach  
  29  6:33  Drone  
  29  6:40  Drone  
  28  6:48  Drone  
  28  6:49  Extractor  
  28  6:55  Drone  
  28  6:58  Zergling x2  
  30  7:02  Drone  
  31  7:10  Drone  
  32  7:17  Drone  
  33  7:24  Drone  
Tags
 
Add a new tag
Caveats
  • Supply blocks, unpowered buildings, or Contaminate may cause inaccurate times.
  • Supply counts are checked every 10 seconds.